Map: Crimson Research Lab LE

Players

Blackcat - Winner!

  • Race: Zerg Zerg
  • League: Platinum
  • Spawn Location: 5:00

Dezznutz - Winner!

  • Race: Terran Terran
  • League: Silver
  • Spawn Location: 5:00

JJboo

  • Race: Zerg Zerg
  • Spawn Location: 11:00

LemonYeti

  • Race: Terran Terran
  • Spawn Location: 11:00

VOD

Have the link to the VOD?

Description

Time

  • Played on: April 28, 2025, 12:53 p.m.
  • Length: 27:55
Show
View Real Time Build Order
Export as new Build Order

Blackcat Zerg - Winner!

Build Orders: Hatch First, Roach Hydra 

Get SALT Encoding   

  12  0:00  Drone  
  13  0:08  Drone  
  14  0:17  Extractor  
  14  0:18  Drone  
  15  0:40  Hatchery  
  14  0:53  Spawning Pool  
  14  0:55  Drone  
  14  0:58  Extractor  
  14  1:01  Drone  
  15  1:16  Extractor  
  15  1:17  Extractor  
  15  1:18  Overlord  
  13  1:26  Drone  
  14  1:38  Drone x2  
  16  1:43  Drone  
  17  1:51  Drone  
  18  1:56  Roach Warren  
  18  2:00  Drone  
  18  2:03  Drone  
  18  2:06  Drone  
  20  2:15  Drone x2  
  22  2:23  Drone  
  22  2:24  Drone  
  24  2:35  Lair  
  24  2:36  Drone x2  
  26  2:45  Drone  
  26  2:47  Drone  
  28  2:56  Overlord  
  28  3:04  Extractor  
  27  3:10  Drone  
  28  3:13  Queen  
  28  3:14  Roach x2  
  28  3:17  Roach  
  28  3:19  Overlord  
  36  3:37  Glial Reconstitution  
  36  3:38  Drone  
  36  3:39  Drone x3  
  40  3:46  Spore Crawler  
  39  3:50  Drone x2  
  39  3:54  Ravager x3  
  44  4:01  Overlord  
  44  4:02  Overlord  
  44  4:05  Overseer  
  44  4:06  Metabolic Boost  
  44  4:14  Overlord x2  
  44  4:16  Extractor  
  43  4:21  Roach  
  45  4:27  Hydralisk Den  
  45  4:30  Evolution Chamber  
  43  4:33  Drone  
  43  4:35  Drone, Evolution Chamber  
  43  4:38  Drone  
  45  4:44  Drone  
  45  4:45  Drone  
  47  4:46  Drone  
  47  4:49  Drone  
  49  5:18  Roach x6  
  58  5:27  Grooved Spines  
  58  5:30  Zerg Missile Weapons Level 1  
  58  5:31  Hydralisk x2  
  62  5:44  Zerg Ground Armor Level 1  
  62  5:46  Roach  
  62  5:48  Zergling x2  
  65  5:57  Roach  
  65  5:58  Roach  
  69  6:12  Drone  
  69  6:13  Drone x5  
  69  6:15  Hatchery  
  69  6:17  Muscular Augments  
  74  6:32  Roach  
  76  6:33  Overlord x3  
  76  6:41  Overlord x3  
  76  6:50  Spore Crawler, Spine Crawler  
  73  7:22  Hydralisk x8  
  89  7:35  Drone x2  
  89  7:36  Queen, Drone  
  92  7:39  Drone  
  95  7:54  Ravager x3  
  95  7:55  Ravager x8  
  106  7:59  Hydralisk x2  
  106  8:00  Hydralisk  
  112  8:06  Queen  
  114  8:14  Zerg Missile Weapons Level 2  
  114  8:20  Drone  
  114  8:21  Drone x6  
  114  8:25  Extractor  
  120  8:27  Extractor  
  120  8:33  Spine Crawler  
  118  8:34  Spine Crawler  
  110  9:00  Hydralisk x8  
  126  9:24  Hydralisk x2  
  126  9:30  Overlord x3  
  130  9:41  Overlord x3  
  126  10:38  Hydralisk x3  
  126  10:39  Hydralisk x6  
  46  11:44  Spawning Pool  
  44  12:38  Hatchery  
  44  12:39  Hatchery  
  44  12:41  Hatchery  
  44  12:42  Hatchery  
  40  12:57  Extractor  
  39  12:59  Extractor  
  39  13:04  Lair  
  38  13:43  Zergling x16  
  38  13:44  Zergling x8  
  22  15:06  Drone x2  
  22  15:07  Drone  
  25  15:10  Drone  
  25  15:11  Drone x2  
  25  15:12  Drone x3  
  31  15:23  Spawning Pool  
  29  15:37  Spawning Pool  
  29  15:40  Spawning Pool  
  27  16:16  Zergling x24  
  39  16:28  Zergling x6  
  39  16:29  Zergling x2  
  43  16:38  Zergling x4  
  43  16:39  Zergling x4  
  47  16:49  Zergling x8  
  51  16:56  Spine Crawler  
  51  16:57  Spine Crawler  
  39  17:11  Zergling x16  
  38  17:33  Zergling x12  
  33  17:57  Zergling x12  
  37  18:01  Spine Crawler  
  37  18:03  Spine Crawler  
  37  18:04  Spine Crawler x2  
  33  18:06  Spine Crawler  
  33  18:08  Spine Crawler  
  33  18:09  Spine Crawler  
  33  18:11  Spine Crawler  
  33  18:12  Spine Crawler  
  28  18:13  Spine Crawler  
  28  18:14  Drone x3  
  30  18:22  Zergling x6  
  33  18:27  Drone  
  33  18:28  Spine Crawler, Drone x2  
  30  18:55  Zergling x2  
  30  18:56  Zergling x10  
  30  19:01  Baneling Nest  
  35  19:04  Roach Warren  
  34  19:44  Zergling x2  
  34  19:45  Zergling x16  
  23  20:12  Zergling x12  
  23  20:13  Baneling x2  
  23  20:14  Baneling x3  
  26  20:15  Baneling x3  
  25  20:56  Roach  
  25  20:57  Roach x5  
  37  21:13  Drone x2  
  39  21:24  Lair  
  39  21:26  Drone x2  
  41  22:00  Roach x6  
  53  22:18  Drone  
  53  22:19  Drone  
  44  22:46  Roach x6  
  38  23:34  Roach x6  
  48  23:45  Roach  
  48  23:46  Roach  
  48  23:47  Queen  
  54  23:49  Queen  
  56  24:10  Roach x2  
  56  24:11  Roach x2  
  64  24:19  Roach x2  
  70  24:31  Roach x2  
  72  24:41  Roach  
  72  24:42  Roach  
  76  24:59  Ravager  
  77  25:00  Ravager x19  
  77  25:03  Drone x2  
Show
View Real Time Build Order
Export as new Build Order

Dezznutz Terran - Winner!

Build Orders: Command Center First 

Get SALT Encoding   

  12  0:04  SCV  
  13  0:19  SCV  
  13  0:20  Supply Depot  
  14  0:51  SCV  
  15  1:03  Command Center  
  15  1:17  Refinery  
  15  1:25  SCV  
  16  1:42  Barracks  
  16  1:46  SCV  
  17  1:47  Barracks  
  17  2:02  SCV  
  18  2:11  Supply Depot  
  18  2:28  SCV  
  19  2:32  Marine  
  20  2:40  SCV  
  20  2:42  Marine  
  20  2:43  Factory  
  21  2:52  SCV  
  21  2:53  Marine  
  23  2:58  Refinery  
  23  2:59  SCV  
  24  3:09  Orbital Command  
  24  3:14  SCV  
  25  3:37  Factory Tech Lab  
  25  3:48  Barracks Tech Lab  
  25  3:53  Barracks Reactor  
  25  3:55  Supply Depot  
  25  3:57  Siege Tank  
  25  3:59  SCV  
  25  4:00  SCV  
  30  4:09  Stimpack  
  30  4:12  Marine  
  30  4:14  SCV  
  32  4:30  Supply Depot  
  32  4:33  Marine x3, Starport  
  35  4:46  SCV  
  35  4:48  Engineering Bay  
  31  5:24  Orbital Command  
  31  5:25  Siege Tank  
  34  5:30  Marine x2  
  36  5:37  Starport Tech Lab  
  36  5:40  SCV  
  37  5:50  Marine x3  
  37  5:53  Orbital Command  
  40  6:08  Marine  
  40  6:36  SCV  
  40  6:37  Orbital Command  
  41  6:48  SCV  
  41  6:51  Missile Turret  
  41  6:52  Missile Turret x2  
  42  6:55  Missile Turret  
  42  6:59  Refinery  
  42  7:00  SCV  
  43  7:01  Refinery  
  43  7:12  SCV  
  44  7:20  SCV  
  45  7:24  SCV  
  46  7:32  SCV  
  47  7:38  Missile Turret  
  47  7:42  Missile Turret x2  
  47  7:50  Siege Tank  
  50  7:58  SCV  
  51  8:07  Marine x2  
  53  8:22  Siege Tank  
  56  8:40  Marine x3  
  44  8:44  Viking  
  46  8:58  Marine  
  49  9:08  Barracks  
  47  9:11  Barracks  
  47  9:14  Viking  
  49  9:44  Viking  
  51  9:55  Marine x3  
  54  10:12  Marine  
  54  10:13  Marine  
  56  10:20  Marine  
  57  10:21  Siege Tank  
  52  10:41  Bunker  
  48  10:54  Siege Tank  
  51  10:57  Engineering Bay  
  45  11:21  Marine  
  45  11:22  Marine x2  
  48  11:26  Siege Tank  
  50  11:39  Marine x2  
  46  11:40  Marine  
  32  11:57  Marine x3  
  23  12:42  Orbital Command  
  8  13:29  Factory Tech Lab  
  8  13:36  Bunker  
  8  13:38  Marine  
  9  13:42  Orbital Command  
  9  13:48  Supply Depot  
  8  13:56  Marine, Engineering Bay  
  7  14:41  SCV x2  
  9  14:46  Widow Mine  
  11  14:53  SCV  
  11  14:56  Marine x2  
  14  15:00  Supply Depot  
  14  15:07  SCV, Bunker  
  14  15:08  Widow Mine  
  14  15:12  SCV  
  18  15:19  SCV  
  19  15:24  SCV  
  20  15:31  SCV  
  20  15:33  Missile Turret  
  21  15:36  SCV  
  22  15:43  SCV  
  22  15:46  Siege Tank  
  22  15:49  Starport  
  26  15:50  SCV  
  27  15:59  SCV  
  27  16:02  SCV  
  8  16:51  Factory  
  8  16:53  Factory  
  8  16:55  Orbital Command  
  8  17:00  Bunker  
  10  17:16  Refinery  
  10  17:18  Refinery  
  9  17:27  Barracks Tech Lab  
  8  17:31  Barracks Tech Lab, SCV  
  8  17:33  SCV  
  10  17:40  Widow Mine x2  
  10  17:43  SCV  
  15  17:45  SCV  
  16  17:52  Marine  
  16  17:53  Marine  
  16  17:55  SCV  
  16  17:57  SCV  
  20  18:05  Starport  
  20  18:25  Siege Tank  
  23  18:37  Siege Tank  
  10  19:19  Siege Tank  
  13  19:31  Orbital Command  
  13  20:03  SCV  
  14  20:19  Supply Depot  
  14  20:40  Siege Tank  
  14  20:41  Widow Mine  
  14  20:42  Supply Depot  
  19  20:43  Liberator  
  19  20:45  SCV  
  23  21:03  SCV  
  24  21:15  SCV  
  25  21:29  Supply Depot  
  25  21:31  Barracks  
  26  21:47  SCV  
  26  21:59  SCV  
  27  22:11  SCV  
  27  22:13  Barracks  
  28  22:16  Barracks  
  28  22:23  SCV  
  29  22:35  SCV  
  30  22:49  Viking  
  32  22:55  Refinery  
  32  23:19  Viking  
  24  23:23  Orbital Command  
  7  24:14  Marine x3  
  7  24:17  SCV  
  11  24:24  Factory Tech Lab  
  11  24:29  SCV  
  12  24:31  Command Center  
  12  24:32  Marine  
  12  24:35  Refinery  
  12  24:36  Refinery  
  13  25:05  Refinery  
  11  25:22  Marine  
  11  25:23  Marine x2  
  14  25:32  SCV  
  15  25:43  Marine x3  
  15  26:56  Marine x3  
  15  26:57  Factory  
  15  26:59  Factory Tech Lab  
  18  27:11  SCV x2  
  20  27:23  SCV x2  
  22  27:35  SCV  
Show
View Real Time Build Order
Export as new Build Order

JJboo Zerg 

Build Orders: Hatch First, Lurkers 

Get SALT Encoding   

  12  0:01  Drone  
  13  0:10  Drone  
  14  0:18  Overlord  
  14  0:45  Drone x3  
  17  0:58  Drone  
  17  1:03  Hatchery  
  16  1:46  Drone x2  
  18  1:51  Spawning Pool  
  18  1:52  Extractor  
  16  1:55  Drone, Extractor  
  16  1:57  Drone  
  17  2:08  Drone  
  18  2:18  Drone  
  19  2:25  Drone  
  19  2:28  Overlord  
  19  2:29  Drone  
  21  2:39  Metabolic Boost  
  21  2:42  Queen x2  
  21  2:44  Overlord x2  
  25  3:04  Zergling x2  
  25  3:05  Zergling x4  
  28  3:11  Drone x2  
  30  3:18  Drone  
  31  3:37  Drone x4  
  35  3:45  Drone x2  
  35  3:48  Lair  
  37  3:52  Pneumatized Carapace  
  37  3:55  Drone x4  
  41  4:00  Extractor  
  40  4:02  Extractor  
  39  4:21  Zergling x10  
  39  4:22  Zergling x2  
  45  4:34  Drone x2  
  47  4:39  Drone x3  
  41  5:27  Drone  
  41  5:28  Drone x3  
  44  5:31  Drone x2  
  47  5:42  Hydralisk Den, Evolution Chamber  
  45  5:43  Overseer, Evolution Chamber  
  45  5:44  Evolution Chamber  
  45  5:46  Overseer  
  43  5:57  Nydus Network  
  42  6:05  Overlord x2  
  42  6:06  Overlord x3, Nydus Network  
  42  6:08  Drone x2  
  42  6:10  Drone  
  42  6:11  Drone x3  
  47  6:14  Grooved Spines  
  47  6:16  Zerg Melee Weapons Level 1  
  47  6:17  Zerg Ground Armor Level 1, Zerg Missile Weapons Level 1  
  47  6:29  Infestation Pit  
  47  6:32  Hydralisk x2  
  46  6:33  Hydralisk x4  
  58  7:07  Lurker Den  
  57  7:20  Zergling x2, Hydralisk x6  
  57  7:21  Zergling x6, Hydralisk x2  
  77  7:35  Overlord  
  77  7:42  Muscular Augments  
  77  8:13  Hive  
  77  8:15  Lurker x3  
  77  8:16  Lurker  
  81  8:39  Hydralisk x2  
  81  8:40  Zergling x4, Hydralisk x2  
  81  8:41  Zergling x12, Hydralisk  
  93  8:42  Zergling x4  
  99  9:58  Nydus Canal  
  97  10:01  Hydralisk  
  97  10:03  Overlord x3  
  97  10:04  Overlord x7  
  97  10:09  Nydus Canal  
  82  10:18  Zergling x2  
  76  10:43  Hydralisk x2  
  80  11:10  Hatchery  
  62  11:31  Hydralisk x2  
  62  11:32  Zergling x2  
  46  12:11  Hydralisk x2  
  46  12:12  Zergling x2  
  50  13:02  Zergling x2  
  50  13:03  Zergling x10  
  56  13:06  Nydus Network  
  44  14:11  Zergling x2, Hydralisk  
  44  14:12  Zergling x2  
  47  14:51  Hydralisk x2  
  47  14:52  Zergling x2, Hydralisk x5  
  56  14:53  Zergling x6  
  65  16:00  Nydus Canal  
  65  16:01  Zergling x2, Hydralisk  
  65  16:02  Zergling x2  
  69  16:06  Zergling x4, Hydralisk x4  
  69  16:07  Zergling x6  
  75  16:50  Nydus Canal  
  75  16:52  Zergling x2, Hydralisk x2  
  73  17:38  Nydus Canal  
  66  18:15  Nydus Canal  
  66  18:30  Nydus Canal  
  58  18:51  Hydralisk x2  
  58  18:52  Zergling x2  
  58  18:53  Hydralisk  
  58  18:54  Zergling x8, Hydralisk x7  
  58  18:55  Zergling x12  
  88  19:01  Nydus Canal  
  68  20:01  Hydralisk x2  
  68  20:02  Zergling x2  
  66  20:13  Zergling x2  
  65  20:16  Hydralisk x2  
  65  20:17  Zergling x8, Hydralisk x2  
  77  21:13  Nydus Canal  
  61  21:57  Nydus Canal  
  58  22:35  Zergling x2, Hydralisk x5  
  58  22:36  Zergling x8, Hydralisk x7  
  73  22:42  Nydus Canal  
  55  23:49  Hydralisk x3  
  55  23:50  Zergling x4, Hydralisk x4  
  55  23:51  Zergling x4, Hydralisk  
  75  24:19  Overseer  
  75  24:37  Nydus Canal  
  75  24:38  Hydralisk x3  
  75  24:39  Zergling x4, Hydralisk  
  85  24:51  Zergling x4  
  64  26:16  Zergling x12  
  64  26:17  Zergling x4  
Show
View Real Time Build Order
Export as new Build Order

LemonYeti Terran 

Build Orders:  

Get SALT Encoding   

  12  0:02  SCV  
  13  0:14  SCV  
  13  0:20  Supply Depot  
  14  0:26  SCV  
  15  0:32  Refinery  
  15  0:42  SCV  
  16  0:51  Barracks  
  16  0:54  SCV  
  17  1:06  SCV  
  18  1:18  SCV  
  19  1:45  Barracks Reactor  
  19  1:46  Command Center  
  19  1:47  SCV  
  20  1:58  Factory  
  20  1:59  SCV  
  21  2:05  Supply Depot  
  21  2:15  Orbital Command  
  21  2:21  Marine  
  22  2:22  Marine  
  23  2:39  Marine  
  23  2:40  Marine  
  25  2:45  SCV  
  26  2:57  Marine  
  26  2:58  Marine  
  27  2:59  Starport  
  27  3:01  SCV  
  27  3:03  SCV  
  30  3:14  SCV  
  30  3:15  Marine, SCV  
  30  3:16  Marine  
  34  3:23  Refinery  
  34  3:26  SCV  
  35  3:28  SCV  
  35  3:33  Marine  
  35  3:34  Marine  
  37  3:36  Medivac  
  37  3:38  SCV  
  37  3:40  SCV  
  42  3:44  Supply Depot  
  42  3:47  Engineering Bay  
  42  3:50  Marine, SCV  
  42  3:51  Marine  
  42  3:52  SCV  
  46  4:06  SCV x2  
  46  4:08  Marine  
  46  4:09  Marine  
  50  4:14  Starport Reactor  
  50  4:19  Supply Depot  
  50  4:23  Barracks, SCV x2  
  52  4:24  Barracks  
  52  4:27  Marine x2  
  54  4:36  Supply Depot  
  54  4:41  SCV x2  
  56  4:47  Marine x2  
  58  4:53  SCV x2  
  59  5:10  Marine x2  
  59  5:12  Barracks Tech Lab, Barracks Reactor  
  59  5:13  Medivac x2  
  65  5:20  Refinery  
  65  5:21  Refinery  
  65  5:22  Supply Depot  
  65  5:24  Supply Depot  
  65  5:30  Marine x2  
  65  5:31  Marauder  
  65  5:33  Stimpack  
  69  5:39  SCV  
  70  5:44  SCV, Medivac x2  
  70  5:46  Command Center  
  75  5:50  Marine  
  75  5:51  Marine x3  
  75  5:52  Marauder  
  75  5:53  SCV  
  82  5:57  SCV  
  83  6:05  SCV  
  84  6:20  Marine x2  
  86  6:30  Marine  
  86  6:45  Supply Depot x2  
  86  6:47  Supply Depot x2  
  86  6:57  Marine x4  
  86  6:58  Marauder, Medivac x2  
  86  7:00  Terran Infantry Armor Level 1  
  94  7:15  Marine x2  
  94  7:16  Marine x2  
  94  7:19  Marine  
  91  7:33  Marine x2  
  91  7:34  Marine x2  
  95  7:37  Marauder  
  97  7:51  Marine x2  
  97  7:52  Marine x2  
  97  7:58  Marine  
  101  8:02  Medivac x2  
  101  8:04  Command Center  
  106  8:09  Marine x3  
  106  8:10  Marine  
  110  8:16  Marauder  
  112  8:30  Marine x4  
  112  8:32  Medivac x2  
  120  8:37  Marine  
  116  8:45  SCV x2  
  116  8:48  Marine x4  
  91  8:56  Marauder  
  87  9:02  Medivac x2  
  79  9:17  Marauder  
  75  9:32  Medivac x2  
  17  17:06  Marine  
  17  17:07  Medivac  
  20  17:23  Marine  
  21  17:37  Medivac  
  21  17:41  Marine  
  24  18:07  Medivac  
Tags
 
Add a new tag
Caveats
  • Supply blocks, unpowered buildings, or Contaminate may cause inaccurate times.
  • Supply counts are checked every 10 seconds.